 Dungeon Crawl Stone Soup version 0.30.1-11-g7821555f0a (webtiles) character file.

Game seed: 13173504398610008681

88 Ahithopel the Conjurer (level 4, -1/34 HPs)
             Began as a Draconian Conjurer on Dec 20, 2023.
             Was an Initiate of Makhleb.
             Slain by Pargi (4 damage)
             ... in a sewer.
             The game lasted 00:06:26 (1618 turns).

Ahithopel the Conjurer (Draconian Conjurer)         Turns: 1618, Time: 00:06:27

Health: -1/34      AC:  5    Str: 11    XL:     4   Next: 30%
Magic:  0/7        EV: 12    Int: 22    God:    Makhleb [......]
Gold:   87         SH:  0    Dex: 14    Spells: 2/7 levels left

rFire   . . .        a - +0 dagger
rCold   . . .        (no shield)
rNeg    . . .        (body armour unavailable)
rPois   .            (helmet restricted)
rElec   .            (no cloak)
rCorr   .            (no gloves)
SInv    +            (no boots)
Will    .....        (no amulet)
Stlth   +            c - +6 ring of dexterity
HPRegen 0.25/turn    f - ring of see invisible
MPRegen 0.10/turn

%: no passive effects
@: hasted, slow
A: AC +5, unfitting armour, cold-blooded, antennae 1, clever 1, subdued magic 1
a: Renounce Religion


You were in a sewer.
You worshipped Makhleb.
Makhleb was noncommittal.
You visited 1 branch of the dungeon, and saw 3 of its levels.
You also visited: Sewer.

You collected 87 gold pieces.

Inventory:

Hand Weapons
 a - a +0 dagger (weapon)
Jewellery
 c - a +6 ring of dexterity (left hand)
 f - a ring of see invisible (right hand)
Scrolls
 d - a scroll of vulnerability {unknown}
 e - 2 scrolls of teleportation {unknown}
 h - 2 scrolls of fog {unknown}
 i - a scroll of enchant armour {unknown}
 j - a scroll of summoning {unknown}


   Skills:
 * Level 0.9 Fighting
 * Level 1.3 Short Blades
 * Level 2.2 Dodging
 * Level 2.0 Stealth
 * Level 2.3 Spellcasting
 * Level 4.8 Conjurations
 * Level 0.3 Air Magic


You had 2 spell levels left.
You knew the following spells:

 Your Spells              Type           Power      Damage    Failure   Level
a - Magic Dart            Conj           72%        1d6       1%          1
b - Searing Ray           Conj           36%        2d5       1%          2
c - Static Discharge      Conj/Air       20%        2-3/arc   5%          2

Your spell library contained the following spells:

 Spells                   Type           Power      Damage    Failure   Level
 Necrotise                Necr           4%         1d4       12%         1
 Dazzling Flash           Conj/Hex       20%        N/A       13%         3
 Ignite Poison            Fire/Tmut/Pois 1%         N/A       34%         3
 Vampiric Draining        Necr           1%         2d6       34%         3
 Fulminant Prism          Conj/Hex       5%         3d7       41%         4
 Iskenderun's Mystic Bla  Conj/Tloc      10%        2d4       41%         4
 Sticky Flame             Conj/Fire      10%        2d3       41%         4
 Airstrike                Air            1%         2d(1-17)  71%         4
 Summon Lightning Spire   Summ/Air       2%         N/A       73%         4
 Olgreb's Toxic Radiance  Pois           1%         N/A       77%         4
 Agony                    Necr           1%         N/A       98%         5


Dungeon Overview and Level Annotations

Branches:
Dungeon (3/15)              Sewer (1/1)

Altars:
Makhleb

Annotations:
D:3 1 transporter Sewer Pargi


Innate Abilities, Weirdness & Mutations

Your plain brown scales are hard. (AC +5)
You cannot fit into any form of body armour.
You are cold-blooded and may be slowed by cold attacks.
You have a pair of small antennae on your head.
Your mind is acute. (Int +4, Str/Dex -1)
Your spells are a little easier to cast, but a little less powerful.


Message History

Aiming: Searing Ray (safe; 3% risk of failure)
Press: ? - help, Shift-Dir - straight line, f/p - Pargi
Aim: Pargi (severely wounded, 72% to hit)
The searing ray hits Pargi.
Pargi is almost dead. (Press . to maintain the ray.) Pargi bites you.
* * * LOW HITPOINT WARNING * * *
Pargi barely misses you. x2
Without enough magic to sustain it, your searing ray dissipates.
Pargi closely misses you. Pargi claws you but does no damage. x2
You feel better. Pargi bites you. Pargi claws you. Pargi closely misses you.
You enter the shallow water.
Moving in this stuff is going to be slow.
Your unstable footing causes you to fumble your attack.
Pargi bites you.
* * * LOW HITPOINT WARNING * * *
Pargi claws you but does no damage. Pargi claws you.
* * * LOW HITPOINT WARNING * * *
Unknown command.
It was a potion of mutation.
You feel extremely strange.
Your connection to magic feels subdued.
A pair of antennae grows on your head!
You feel clever. Pargi bites you but does no damage.
Pargi claws you but does no damage. Pargi claws you.
* * * LOW HITPOINT WARNING * * *
Casting: Searing Ray (safe; 1% risk of failure)
Confirm with . or Enter, or press ? or * to list all spells.
Aiming: Magic Dart (safe; 1% risk of failure)
Press: ? - help, Shift-Dir - straight line, f/p - Pargi
Aim: Pargi (severely wounded, 100% to hit)
The magic dart hits Pargi but does no damage.
Pargi is severely wounded.
Pargi misses you. x2; Pargi closely misses you.
Unknown command.
It was a potion of haste.
You feel yourself speed up. Pargi barely misses you. Pargi claws you.
* * * LOW HITPOINT WARNING * * *
Pargi claws you.
You die...

#...#######~≈≈≈≈≈≈≈#
#
#.∩.~~.~~..≈≈≈≈≈≈≈≈≈
#
#...#######~≈≈≈≈≈≈≈≈
# ##### #.≈≈≈≈≈≈≈≈ #
##.≈≈≈≈≈≈#
#.~≈≈≈≈≈≈#
##.≈≈≈≈≈≈≈≈
#.≈≈≈≈≈≈≈≈#
#####@≈≈≈≈≈≈≈≈≈
#.~~T≈≈≈≈≈≈≈≈≈≈
#~≈≈≈≈≈≈≈≈≈≈≈≈≈
#.~≈≈≈≈≈≈≈≈≈≈≈≈≈#
#~≈≈≈≈≈≈≈≈≈≈≈≈≈###
~≈≈≈≈≈≈≈≈≈≈≈≈≈≈#
≈≈≈≈≈≈≈≈≈≈≈≈≈≈##
≈≈≈≈≈≈≈≈≈≈≈≈###
≈≈≈≈≈≈≈≈≈≈≈≈#


You could see Pargi.

Vanquished Creatures
  4 gnolls
  3 worms
  A dart slug (D:1)
  7 endoplasms
  2 giant cockroaches
  2 goblins (D:1)
  3 hobgoblins (D:1)
  3 jackals (D:1)
  A quokka (D:2)
  2 ball pythons
  3 bats (D:2)
  5 frilled lizards
  2 kobolds
  3 rats
41 creatures vanquished.

Notes
Turn   | Place    | Note
-------+----------+-------------------------------------------
     0 | D:1      | Ahithopel the Draconian Conjurer began the quest for the
                  | Orb.
     0 | D:1      | Reached XP level 1. HP: 14/14 MP: 3/3
   251 | D:1      | Reached XP level 2. HP: 16/22 MP: 0/5
   254 | D:1      | Learned a level 2 spell: Searing Ray
   257 | D:1      | Learned a level 2 spell: Static Discharge
   674 | D:1      | Got the Catalogue of Nauseating Damage
   782 | D:1      | Reached XP level 3. HP: 15/27 MP: 1/6
  1027 | D:2      | Reached skill level 1 in Short Blades
  1330 | D:2      | Reached XP level 4. HP: 32/34 MP: 0/7
  1342 | D:3      | Found a transporter.
  1373 | D:3      | Found a burning altar of Makhleb.
  1384 | D:3      | Became a worshipper of Makhleb the Destroyer
  1462 | D:3      | Found a glowing drain.
  1466 | Sewer    | Entered a sewer
  1605 | Sewer    | Noticed Pargi
  1616 | Sewer    | Gained mutation: Your spells are a little easier to cast,
                  | but a little less powerful. [potion of mutation]
  1616 | Sewer    | Gained mutation: You have a pair of small antennae on your
                  | head. [potion of mutation]
  1616 | Sewer    | Gained mutation: Your mind is acute. (Int +4, Str/Dex -1)
                  | [potion of mutation]
  1618 | Sewer    | Slain by Pargi

Illustrated notes

Levels and vault maps discovered:
D:1:      ncdulo_watergridlock, layout_loops_cross
D:2:      minmay_inner_zag, layout_loops_ring, serial_shops,
          nicolae_shop_tiny_glass
D:3:      gammafunk_steamed_eel, layout_loops_ring,
          nicolae_wu_jian_immortal_techniques, mainiacjoe_overflow_alcove_1,
          lemuel_crystal_altar, mainiacjoe_overflow_catwalk,
          gup_sewer_entry_bowl, serial_shops, shop_fountains, uniq_terence,
          uniq_grinder
Sewer:    sewer_co_pargi_island

Skill      XL: |  1  2  3  4 |
---------------+-------------+-----
Short Blades   | 1 |  1.3
Dodging        | 2 |  2.2
Stealth        | 2 |  2.0
Fighting       | |  0.9
Spellcasting   | |  2.3
Conjurations   | |  4.8
Air Magic      | |  0.3

Action                     |  1- 3 |  4- 6 || total
---------------------------+-------+-------++-------
  Melee: Unarmed           |     5 |       ||     5
         Dagger            |    23 |     7 ||    30
         Tailslap          |     2 |       ||     2
   Cast: Magic Dart        |    15 |     1 ||    16
         Static Discharge  |     8 |     6 ||    14
         Searing Ray       |     7 |     3 ||    10
    Use: Scroll            |     3 |     1 ||     4
         Potion            |     2 |     3 ||     5
   Stab: Sleeping          |     4 |       ||     4
 Armour: Skin              |    13 |    10 ||    23
  Dodge: Dodged            |    39 |    20 ||    59
